 Dungeon Crawl Stone Soup version 0.28-a0-265-g048bc9fd10 (webtiles) character file.

Game seed: 1981007804864491842

191 SkeletonJelly the Skirmisher (level 6, -1/51 HPs)
             Began as a Human Artificer on Aug 28, 2021.
             Killed from afar by an orc wizard (6 damage)
             ... with a puff of flame
             ... on level 3 of the Dungeon.
             The game lasted 00:07:42 (4845 turns).

SkeletonJelly the Skirmisher (Human Artificer)      Turns: 4845, Time: 00:07:43

Health: -1/51      AC:  6    Str: 14    XL:     6   Next: 1%
Magic:  6/6        EV: 10    Int: 11    God:
Gold:   170        SH:  0    Dex: 14    Spells: 5/5 levels left

rFire   . . .      SeeInvis .   w - +1 falchion (elec)
rCold   . . .      Faith    .   (no shield)
rNeg    . . .      Spirit   .   p - +0 ring mail
rPois   .          Reflect  .   (no helmet)
rElec   .          Harm     .   o - +0 cloak
rCorr   +          Rampage  .   (no gloves)
Will    .....                   (no boots)
Stlth   +.........              (no amulet)
HPRegen 0.17/turn               g - ring of resist corrosion
MPRegen 0.10/turn               (no ring)

@: no status effects
A: no striking features
a: no special abilities


You were on level 3 of the Dungeon.
You visited 1 branch of the dungeon, and saw 4 of its levels.

You collected 170 gold pieces.

Inventory:

Hand Weapons
 a - a +0 club
 k - a +0 trident
 w - a +1 falchion of electrocution (weapon)
Missiles
 q - 7 poisoned darts
 s - a curare-tipped dart
Armour
 b - a +0 leather armour
 o - a +0 cloak (worn)
 p - a +0 ring mail (worn)
Jewellery
 g - a ring of resist corrosion (left hand)
Wands
 c - a wand of flame (5) (quivered)
 d - a wand of charming (12)
Scrolls
 f - a scroll of blinking {unknown}
 h - 2 scrolls of enchant weapon {unknown}
 i - 2 scrolls of amnesia {unknown}
 l - a scroll of immolation {unknown}
 m - 2 scrolls of teleportation {unknown}
 n - 3 scrolls of identify {unknown}
 u - a scroll of noise {unknown}
 v - a scroll of fog {unknown}
Potions
 j - 2 potions of curing
 r - a potion of haste {unknown}
 t - a potion of attraction {unknown}
Miscellaneous
 e - a piece from Xom's chessboard (13/15)


   Skills:
 + Level 5.4 Fighting
 - Level 2.0 Armour
 - Level 1.0 Dodging
 - Level 1.0 Stealth
 - Level 3.0 Evocations


You had 5 spell levels left.
You didn't know any spells.
Your spell library was empty.

Dungeon Overview and Level Annotations

Branches:
Dungeon (4/15)
 Temple: D:4-7

Altars:

Shops:
D:3 !

Annotations:
D:4 Eustachio


Message History

You hit the hound. Lightning courses through the hound!
You kill the hound!
Something hits you. The orc barely misses you.
You hear some strange, mumbled words.
You are confused.
The hound skeleton barely misses you. The orc hits you but does no damage.
Your piece from Xom's chessboard (12/15) has regained one charge.
Your Fighting skill increases to level 5!
You take 2 damage, and have 34/44 hp.
You miss the orc.
The hound skeleton bites you but does no damage.
Something hits you. The orc barely misses you.
You take 2 damage, and have 32/44 hp.
Something hits you but does no damage.
Eustachio hits the hound skeleton with a +1 rapier of protection.
You're too confused to move!
Eustachio hits the hound skeleton with a +1 rapier of protection!
Something hits you but does no damage.
You bump into the rock wall.
Eustachio hits the hound skeleton with a +1 rapier of protection.
The orc closely misses you. Something hits you but does no damage.
The hound skeleton bites Eustachio but does no damage.
You bump into the rock wall.
Eustachio hits the hound skeleton with a +1 rapier of protection.
The hound skeleton closely misses Eustachio.
The orc closely misses you. Something hits you but does no damage.
You feel less confused.
The orc priest is no longer paralysed.
Eustachio hits the hound skeleton with a +1 rapier of protection!
The hound skeleton is destroyed!
Something hits you.
There is a stone staircase leading up here.
You take 3 damage, and have 30/44 hp.
You hit the orc.
The orc is almost dead.
Something bites Eustachio but does no damage.
Something hits you but does no damage. The orc hits you with a +0 hand axe.
Something bites Eustachio but does no damage.
The orc priest hits Eustachio with a +0 hand axe.
Eustachio hits something with a +1 rapier of protection!
You take 1 damage, and have 29/44 hp.
You hit the orc.
You kill the orc!
Something hits you.
Eustachio hits the water moccasin skeleton with a +1 rapier of protection!
The orc priest misses Eustachio.
The adder skeleton misses you. Something hits you but does no damage.
You take 1 damage, and have 28/44 hp.
You slash the adder skeleton!
The adder skeleton is severely damaged.
Eustachio barely misses something.
The orc priest casts a cantrip, but nothing happens.
You hear some strange, mumbled words.
Something tries to affect you, but you resist.
You closely miss the goblin.
Eustachio hits something with a +1 rapier of protection!
The orc priest barely misses Eustachio.
Something hits you but does no damage.
Something bites Eustachio.
The orc priest barely misses Eustachio.
Eustachio hits something with a +1 rapier of protection.
You slash the goblin!
You kill the goblin!
Something hits you.
Something bites Eustachio.
The orc priest misses Eustachio.
Eustachio hits something with a +1 rapier of protection!
You feel a bit more experienced.
Eustachio looks more experienced.
Your piece from Xom's chessboard (13/15) has regained one charge.
You take 3 damage, and have 26/44 hp.
You slash the adder skeleton!
You destroy the adder skeleton!
Something hits you. Something hits you but does no damage.
You have reached level 6!
Your experience leads to an increase in your attributes!
Increase (S)trength, (I)ntelligence, or (D)exterity?
You feel stronger.
You regained 3 hp, and now have 29/51 hp.
MP restored: 6 You barely miss something.
The orc priest mumbles some strange prayers to Beogh against you.
Beogh smites you! Something hits you.
* * * LOW HITPOINT WARNING * * *
You take 14 damage, and have 15/51 hp.
MASSIVE DAMAGE!!
You closely miss something.
The orc priest closely misses something.
Something hits you but does no damage.
The orc priest invokes the aid of Beogh against you.
Beogh smites you!
* * * LOW HITPOINT WARNING * * *
You take 9 damage, and have 6/51 hp.
Something hits you.
* * * LOW HITPOINT WARNING * * *
The orc priest barely misses something.
You climb upwards.
Reactivating autopickup.
There is a stone staircase leading down here.
You take 1 damage, and have 5/51 hp.
You hear some strange, mumbled words.
A puff of flame appears from out of thin air!
Deactivating autopickup; reactivate with Ctrl-A.
The puff of flame hits you.
You die...

####
####################...
#..................'...
#.##################...
#.#...<#.#.(...........
#.#...>{...............
#.####@#.#.#####.######
#.####.#.#.#...)...#
#.#..#.#.#.#.###.#.#
#.#..#.#.#.#.# #.#.#
#.#..#.#.#.#.# #.#.#
#.#..#.#.#.#.###.#.####
#.#..#.................
#.#..#.#.#.#.###.#.....
#.#..#.#.#.#...#.######


There were no monsters in sight!

Vanquished Creatures
  A hound (D:4)
  Terence (D:3)
  4 adders
  An adder skeleton (D:4)
  A dart slug (D:2)
  5 orcs
  3 endoplasms
  3 giant cockroaches
  6 goblins
  2 hobgoblins
  4 quokkas
  5 ball pythons
  4 bats
  A frilled lizard (D:1)
  5 kobolds
  12 rats
58 creatures vanquished.

Vanquished Creatures (collateral kills)
  A water moccasin skeleton (D:4)
  A hound skeleton (D:4)
  A ball python (D:4)
  A bat (D:1)
  A goblin (D:1)
5 creatures vanquished.

Grand Total: 63 creatures vanquished

Notes
Turn   | Place    | Note
-------+----------+-------------------------------------------
     0 | D:1      | SkeletonJelly the Human Artificer began the quest for the
                  | Orb.
     0 | D:1      | Reached XP level 1. HP: 15/15 MP: 1/1
   356 | D:1      | Reached XP level 2. HP: 21/22 MP: 2/2
   379 | D:1      | Reached skill level 2 in Fighting
  1002 | D:1      | Reached XP level 3. HP: 18/28 MP: 3/3
  1396 | D:2      | Reached skill level 3 in Fighting
  1715 | D:2      | Reached XP level 4. HP: 27/35 MP: 4/4
  2677 | D:2      | Reached skill level 4 in Fighting
  2779 | D:3      | Found Gomnueh's Distillery.
  2822 | D:3      | Noticed Terence
  2842 | D:3      | Killed Terence
  2843 | D:3      | Reached XP level 5. HP: 43/43 MP: 5/5
  3843 | D:4      | Noticed Eustachio
  4628 | D:3      | Found Gomnueh's Distillery.
  4828 | D:4      | Reached skill level 5 in Fighting
  4841 | D:4      | Reached XP level 6. HP: 29/51 MP: 6/6
  4845 | D:3      | Killed from afar by an orc wizard

Illustrated notes

Levels and vault maps discovered:
D:1:      amcnicky_arrival_underground_garden, layout_loops_cross
D:2:      layout_basic, minmay_rat_gold_closets
D:3:      layout_basic, serial_shops, shop_fountains, minmay_misc_feat_tiny,
          grunt_decor_clamped, uniq_terence
D:4:      layout_rooms, kennysheep_little_box, okawaru_altar_gauntlet_db,
          uniq_eustachio

Skill      XL: |  1  2  3  4  5 |
---------------+----------------+-----
Fighting       | 2 3 4 5 |  5.4
Armour         | |  2.0
Dodging        | |  1.0
Stealth        | |  1.0
Evocations     | |  3.0

Action                   |  1- 3 |  4- 6 || total
-------------------------+-------+-------++-------
Melee: Club              |    75 |       ||    75
       Trident           |    33 |    94 ||   127
       Falchion          |       |    13 ||    13
Throw: Dart              |       |     2 ||     2
Evoke: Wand              |     9 |     4 ||    13
       Piece from Xom's  |     1 |     6 ||     7
  Use: Potion            |     1 |       ||     1
 Stab: Sleeping          |     1 |     2 ||     3
       Betrayed ally     |     1 |       ||     1
       Petrified         |       |    11 ||    11
       Petrifying        |       |     1 ||     1
       Paralysed         |       |     2 ||     2
Armor: Leather armour    |    42 |       ||    42
       Ring mail         |       |    56 ||    56
Dodge: Dodged            |    86 |    43 ||   129

Table legend: (Time is in decaauts)
 A = Elapsed time spent in this place.
 B = Non-inter-level travel time spent in this place.
 C = Inter-level travel time spent in this place.
 D = Time resting spent in this place.
 E = Time spent auto-exploring this place.
 F = Levels seen in this place.
 G = Mean time per level.
                   A        B        C        D        E       F      G
               +--------+--------+--------+--------+--------+-----+--------+
         Total |   4913 |   4627 |    286 |      0 |   4028 |   4 | 1228.2 |
       Dungeon |   4913 |   4627 |    286 |      0 |   4028 |   4 | 1228.2 |
               +--------+--------+--------+--------+--------+-----+--------+

Top non-repeatable levels by time:
     D:3: 1755 daAuts
     D:2: 1743 daAuts
     D:1: 1319 daAuts
     D:4: 95 daAuts
